 Dungeon Crawl Stone Soup version 0.25-a0-663-gace7076 (webtiles) character file.

Game seed: 14107334110203513703, levelgen mode: deterministic

67 Faca the Skirmisher (level 4, -1/82 HPs)
             Began as a Human Fighter on Mar 25, 2020.
             Killed from afar by an orc wizard (5 damage)
             ... with a puff of flame
             ... on level 2 of the Dungeon.
             The game lasted 00:02:15 (1075 turns).

Faca the Skirmisher (Human Fighter)                 Turns: 1075, Time: 00:02:16

Health: -1/82      AC: 22    Str: 17    XL:     4   Next: 38%
Magic:  4/4        EV:  2    Int:  9    God:
Gold:   25         SH:  8    Dex: 12    Spells: 3/3 levels left

rFire    . . .     SeeInvis .   a - +0 long sword
rCold    . . .     Gourm    .   c - +0 kite shield
rNeg     + + +     Faith    .   (armour currently unavailable)
rPois    +         Spirit   .   (helmet currently unavailable)
rElec    .         Reflect  .   (cloak currently unavailable)
rCorr    .         Harm     .   (gloves currently unavailable)
MR       .....     NoTele   +   (boots currently unavailable)
Stlth    ..........             (no amulet)
HPRegen  0.23/turn              (no ring)
MPRegen  0.09/turn              (no ring)

@: berserking, tree-form, drained, very quick
A: no striking features
a: no special abilities


You were on level 2 of the Dungeon.
You were hungry.
You were a tree.
You visited 1 branch of the dungeon, and saw 2 of its levels.

You collected 25 gold pieces.

Inventory:

Hand Weapons
 a - a +0 long sword (weapon)
Missiles
 k - 2 throwing nets (quivered)
Armour
 b - a +0 scale mail (melded)
 c - a +0 kite shield (worn)
Scrolls
 i - a scroll of fear
Potions
 d - a potion of might
 e - a potion of heal wounds {unknown}
 j - a potion of stabbing {unknown}
Comestibles
 f - 2 rations


   Skills:
 + Level 4.0(3.0) Fighting
 + Level 3.3(2.3) Long Blades
 - Level 3.0(2.0) Armour
 - Level 3.0(2.0) Shields


You had 3 spell levels left.
You didn't know any spells.
Your spell library was empty.

Dungeon Overview and Level Annotations

Branches:
Dungeon (2/15)

Altars:


Message History

The orc wizard gestures at you while chanting.
The magic dart hits you but does no damage.
It was a potion of berserk rage.
A red film seems to cover your vision as you go berserk!
You feel yourself moving faster!
You feel mighty! Something hits you but does no damage.
The orc wizard hits you but does no damage.
You are too berserk!
You hit the orc wizard.
You kill the orc wizard!
Your base Fighting skill increases to level 4!
You have reached level 4!
You feel clever. Something hits you but does no damage.
You miss something. Something hits you but does no damage.
You hit something.
You hear some strange, mumbled words.
A puff of flame appears from out of thin air!
The puff of flame hits you.
You die...

######### #.......#
#........ #.......#
#.......# #.......#
# #.......# #.
#♣)...... .#.####
##{......# .g.....
#<........ .......
##........#
[......##.....#####
............###
........#####
..##...g# #......


There were no monsters in sight!

Vanquished Creatures
  An orc wizard (D:2)
  3 dart slugs (D:1)
  An orc (D:2)
  A ball python (D:1)
  A giant cockroach (D:1)
  9 goblins
  5 hobgoblins (D:1)
  3 bats (D:1)
  A frilled lizard (D:1)
  2 kobolds (D:1)
  3 rats (D:1)
30 creatures vanquished.

Notes
Turn   | Place    | Note
-------+----------+-------------------------------------------
     0 | D:1      | Faca the Human Fighter began the quest for the Orb.
     0 | D:1      | Reached XP level 1. HP: 18/18 MP: 1/1
    44 | D:1      | Reached XP level 2. HP: 13/24 MP: 2/2
   407 | D:1      | Reached XP level 3. HP: 29/29 MP: 3/3
  1070 | D:2      | HP: 1/30 [orc wizard/+0 dagger (1)]
  1073 | D:2      | Reached skill level 4 in Fighting
  1073 | D:2      | Reached XP level 4. HP: 3/37 MP: 4/4
  1075 | D:2      | Killed from afar by an orc wizard

Levels and vault maps discovered:
D:1:      minmay_arrival_wavy_path, layout_basic
D:2:      layout_rooms, minitemple, gammafunk_temple_overflow_elements,
          first_ration

Skill      XL: |  1  2  3 |
---------------+----------+-----
Long Blades    | 3 |  3.3
Fighting       | 4 |  4.0
Armour         | |  3.0
Shields        | |  3.0

Action                   |  1- 3 |  4- 6 || total
-------------------------+-------+-------++-------
Melee: Long sword        |    84 |     2 ||    86
  Use: Scroll            |     2 |       ||     2
       Potion            |     2 |       ||     2
Armor: Scale mail        |    41 |       ||    41
       Skin              |     5 |     1 ||     6
Dodge: Dodged            |    21 |       ||    21
Block: Kite shield       |    34 |       ||    34
       Rpst.: Long sword |     9 |       ||     9

Table legend:
 A = Non-vault XP
 B = Vault XP
 C = Vault XP percentage of total XP
 D = Non-vault monster count
 E = Vault monster count
 F = Vault count percentage of total count
                 A         B        C        D         E       F
            +---------+---------+-------+---------+---------+-------
      Total |      96 |       0 |   0.0 |      30 |       0 |   0.0
            +---------+---------+-------+---------+---------+-------
        D:1 |      51 |       0 |   0.0 |      27 |       0 |   0.0
        D:2 |      45 |       0 |   0.0 |       3 |       0 |   0.0
            +---------+---------+-------+---------+---------+-------
